Map: Blueshift LE

Players

Mana

  • Race: Protoss Protoss
  • Spawn Location: 7:00

Neeb - Winner!

  • Race: Protoss Protoss
  • Spawn Location: 1:00

Event: WCS Montreal 2018

VOD

Have the link to the VOD?

Description

Time

  • Played on: Sept. 7, 2018, 7:43 p.m.
  • Length: 15:21

All games in this series

Show
View Real Time Build Order
Export as new Build Order

Mana Protoss 

Build Orders: Oracle Opening 

Get SALT Encoding   

  12  0:00  Probe  
  13  0:12  Probe  
  14  0:19  Pylon  
  14  0:24  Probe  
  15  0:33  Probe  
  15  0:37  Gateway  
  15  0:41  Probe  
  16  0:47  Assimilator  
  17  0:50  Probe  
  17  0:54  Assimilator  
  18  0:59  Probe  
  19  1:07  Gateway, Probe  
  20  1:18  Probe  
  20  1:24  Cybernetics Core  
  21  1:30  Probe  
  22  1:34  Pylon  
  22  1:42  Probe  
  23  1:54  Probe  
  23  2:00  Stalker x2  
  28  2:04  Warp Gate  
  28  2:06  Probe  
  29  2:14  Pylon  
  30  2:26  Stargate  
  29  2:32  Stalker  
  31  2:39  Stalker  
  35  3:07  Oracle  
  35  3:08  Pylon  
  39  3:24  Nexus  
  35  3:27  Probe  
  36  3:35  Oracle  
  36  3:36  Shield Battery  
  36  3:39  Probe  
  40  3:51  Probe  
  41  4:01  Twilight Council  
  41  4:04  Probe  
  42  4:13  Stalker x2  
  42  4:16  Probe  
  35  4:28  Probe  
  36  4:32  Probe  
  37  4:40  Probe x2  
  39  4:50  Probe  
  39  4:53  Probe  
  41  5:02  Probe  
  41  5:03  Probe  
  41  5:04  Blink  
  43  5:11  Probe  
  43  5:15  Probe  
  43  5:17  Sentry  
  43  5:19  Sentry  
  43  5:20  Probe  
  49  5:27  Probe  
  51  5:31  Probe  
  52  5:39  Probe  
  53  5:43  Probe  
  53  5:45  Stalker  
  53  5:46  Stalker  
  58  5:51  Pylon, Probe  
  58  5:55  Probe  
  60  6:03  Probe  
  61  6:07  Probe  
  61  6:10  Stalker x2, Pylon  
  66  6:15  Probe  
  67  6:22  Pylon x2  
  67  6:27  Probe  
  67  6:29  Probe  
  63  6:39  Probe  
  63  6:41  Probe  
  64  6:51  Stalker x2, Probe  
  64  6:53  Probe  
  67  6:59  Charge  
  67  7:00  Gateway x2  
  67  7:02  Assimilator  
  67  7:03  Probe  
  67  7:07  Probe  
  69  7:15  Probe  
  69  7:16  Stalker  
  69  7:19  Stalker, Probe  
  75  7:28  Probe, Assimilator  
  76  7:31  Probe  
  76  7:32  Templar Archives  
  77  7:40  Probe  
  77  7:43  Probe  
  79  7:44  Pylon  
  74  7:52  Probe  
  74  7:53  Stalker x2  
  74  7:55  Probe  
  77  8:04  Probe  
  75  8:08  Stalker  
  75  8:09  Stalker, Probe  
  80  8:16  Probe  
  80  8:17  Stalker  
  80  8:18  Stalker  
  85  8:21  Probe  
  86  8:28  Probe  
  86  8:33  Forge  
  87  8:35  Zealot x2  
  87  8:37  Protoss Ground Weapons Level 1  
  91  8:42  Pylon  
  87  9:04  High Templar x4  
  87  9:09  Archon x2  
  95  9:12  Gateway  
  95  9:13  Gateway  
  95  9:16  Gateway  
  95  9:18  Gateway  
  95  9:32  Pylon  
  95  9:37  High Templar x2, Zealot  
  101  9:41  Pylon  
  101  9:42  Pylon  
  101  9:47  Archon  
  101  9:53  Nexus  
  101  10:08  High Templar x2  
  105  10:19  Archon  
  105  10:20  Zealot x2  
  99  10:47  High Templar x2  
  99  10:48  Zealot x6  
  111  10:53  Archon  
  111  10:56  Protoss Ground Weapons Level 2  
  110  11:08  High Templar x2  
  110  11:09  Zealot x4  
  122  11:13  Archon  
  122  11:20  Zealot x2  
  122  11:22  Pylon  
  126  11:29  Zealot x4  
  134  11:40  Robotics Facility  
  134  11:59  High Templar x2  
  134  12:00  Zealot x2  
  134  12:01  Zealot x3  
  148  12:04  Pylon  
  148  12:13  Probe  
  149  12:17  Archon  
  149  12:22  Probe x2  
  151  12:23  High Templar  
  151  12:24  High Templar, Zealot  
  157  12:36  Pylon  
  157  12:38  Pylon, Archon  
  157  12:49  Pylon  
  157  12:53  Photon Cannon  
  157  12:54  Warp Prism  
  157  12:56  High Templar x2, Zealot x3  
  169  13:01  Archon  
  169  13:16  High Templar  
  169  13:17  High Templar, Zealot x4  
  169  13:18  Probe x2  
  179  13:21  Archon  
  179  13:28  Pylon  
  179  13:30  Pylon  
  179  13:47  Zealot x6  
  151  13:53  Zealot x2  
  115  13:58  Warp Prism  
  72  14:11  High Templar x4  
  72  14:16  Archon  
  70  14:17  Archon  
  70  14:18  Zealot x3  
  76  14:29  Zealot  
  78  14:33  High Templar  
  78  14:36  High Templar  
  78  14:37  Zealot x2  
  86  14:40  Archon  
  86  14:41  Zealot  
  86  14:44  Zealot x2  
  92  14:48  Zealot  
  94  15:00  Dark Shrine  
  92  15:10  Zealot x5  
Show
View Real Time Build Order
Export as new Build Order

Neeb Protoss - Winner!

Build Orders: Oracle Opening, Archon Immortal 

Get SALT Encoding   

  12  0:00  Probe  
  13  0:12  Probe  
  14  0:17  Pylon  
  14  0:24  Probe  
  15  0:33  Probe  
  15  0:37  Gateway  
  15  0:41  Probe  
  16  0:46  Assimilator  
  17  0:51  Probe  
  17  0:54  Assimilator  
  18  0:59  Probe  
  19  1:07  Gateway, Probe  
  19  1:17  Probe  
  20  1:24  Cybernetics Core  
  21  1:29  Probe  
  22  1:35  Pylon  
  22  1:41  Probe  
  23  1:53  Probe  
  24  2:02  Warp Gate  
  24  2:03  Stalker, Sentry  
  24  2:06  Probe  
  29  2:08  Pylon  
  29  2:26  Stargate  
  29  2:37  Stalker  
  31  2:45  Stalker  
  31  2:48  Shield Battery  
  33  3:03  Oracle  
  33  3:10  Nexus  
  33  3:15  Shield Battery  
  36  3:24  Shield Battery  
  35  3:28  Stalker  
  37  3:39  Shield Battery, Probe  
  38  3:51  Probe  
  39  4:00  Pylon  
  39  4:10  Phoenix  
  39  4:16  Pylon  
  39  4:18  Probe  
  42  4:25  Probe  
  42  4:27  Phoenix  
  42  4:30  Probe  
  44  4:37  Probe  
  47  4:39  Stargate  
  47  4:42  Probe  
  47  4:49  Probe  
  47  4:50  Phoenix  
  50  4:54  Probe  
  51  5:01  Probe  
  51  5:06  Probe  
  53  5:13  Probe  
  54  5:16  Robotics Facility  
  54  5:19  Probe  
  55  5:25  Phoenix, Probe  
  58  5:31  Probe, Assimilator  
  59  5:36  Assimilator  
  59  5:38  Probe  
  59  5:42  Shield Battery, Phoenix  
  62  5:43  Probe  
  63  5:50  Probe  
  63  5:52  Pylon  
  63  5:53  Adept x2  
  63  5:55  Pylon, Probe  
  69  6:02  Probe  
  69  6:03  Observer  
  70  6:10  Probe  
  72  6:14  Probe  
  72  6:17  Immortal, Forge  
  73  6:21  Gateway  
  73  6:22  Probe  
  73  6:23  Gateway  
  70  6:40  Stalker  
  70  6:41  Stalker  
  70  6:44  Probe  
  70  6:45  Probe  
  69  6:52  Probe  
  69  6:53  Probe  
  70  6:58  Protoss Ground Weapons Level 1, Twilight Council  
  70  7:00  Probe  
  72  7:06  Probe  
  73  7:09  Immortal  
  73  7:12  Probe  
  75  7:18  Probe  
  77  7:26  Probe  
  78  7:30  Pylon  
  78  7:31  Pylon  
  78  7:42  Stalker x3, Sentry, Immortal  
  86  7:55  Charge  
  88  8:08  Templar Archives  
  88  8:10  Gateway  
  88  8:11  Gateway  
  84  8:23  Pylon  
  84  8:24  Pylon  
  84  8:27  Warp Prism  
  84  8:33  Pylon  
  86  8:43  Protoss Ground Weapons Level 2  
  86  8:47  High Templar x2, Zealot  
  86  8:48  Zealot  
  94  8:52  Archon  
  94  8:53  Immortal  
  94  8:59  Probe x2  
  98  9:21  High Templar  
  98  9:22  High Templar, Zealot x2  
  106  9:27  Archon  
  106  9:30  Nexus  
  106  9:36  Pylon  
  106  9:38  Immortal  
  108  9:51  Probe x2  
  108  9:55  High Templar  
  108  9:56  High Templar, Zealot x3  
  118  10:00  Archon  
  118  10:03  Probe  
  119  10:10  Zealot  
  119  10:13  Pylon  
  121  10:16  Immortal  
  121  10:19  Probe  
  122  10:24  Adept x2  
  126  10:31  Probe, Protoss Ground Weapons Level 3  
  119  10:38  Zealot x4  
  113  10:47  Immortal  
  115  11:04  High Templar x2, Zealot  
  117  11:16  Archon  
  117  11:20  Zealot x2  
  117  11:24  Phoenix, Zealot  
  117  11:25  Zealot  
  125  11:27  Warp Prism  
  125  11:28  Gateway  
  125  11:29  Gateway  
  125  11:40  Probe x2  
  125  11:44  Assimilator, Probe  
  125  11:45  Assimilator  
  126  11:48  Pylon  
  126  11:52  Probe  
  126  11:53  Probe  
  128  11:55  Immortal  
  128  12:00  Probe  
  129  12:03  High Templar  
  129  12:04  High Templar, Probe, Zealot x3, Sentry  
  146  12:08  Archon  
  146  12:12  Pylon  
  146  12:14  Pylon  
  146  12:22  Immortal  
  146  12:24  High Templar  
  146  12:25  High Templar, Zealot x3  
  146  12:29  Archon  
  158  12:40  Pylon, Zealot  
  158  12:41  Pylon  
  158  12:43  High Templar x2  
  164  12:44  Protoss Shields Level 1  
  164  12:47  Archon  
  164  13:03  Zealot  
  164  13:04  Zealot x5, Observer  
  172  13:20  Pylon  
  172  13:27  High Templar x2, Zealot  
  172  13:28  Immortal, Zealot x4  
  172  13:29  Zealot  
  172  13:31  Archon  
  166  13:55  Zealot x6  
  120  14:03  Immortal  
  112  14:12  High Templar x2  
  112  14:16  Archon  
  107  14:17  Probe  
  107  14:18  Nexus  
  108  14:26  High Templar x3  
  108  14:27  High Templar, Sentry  
  108  14:29  Zealot  
  120  14:32  Archon  
  120  14:33  Archon  
  120  14:35  Pylon  
  120  14:44  High Templar x2  
  124  14:49  Archon  
  124  14:50  Zealot  
  126  14:55  Zealot  
  130  15:02  Zealot x3  
  136  15:14  High Templar x2  
  126  15:19  Archon, Zealot x3  
Tags
 
Add a new tag
Caveats
  • Supply blocks, unpowered buildings, or Contaminate may cause inaccurate times.
  • Supply counts are checked every 10 seconds.